 Dungeon Crawl Stone Soup version 0.19.4-8-ga85b6b9 (webtiles) character file.

10325 Kosschaser the Cleaver (level 11, -4/97 HPs)
             Began as a Yellow Draconian Berserker on Feb 14, 2017.
             Was a High Priest of Trog.
             Slain by an orc warrior
             ... wielding a +0 dire flail
              (13 damage)
             ... on level 2 of the Orcish Mines.
             The game lasted 01:23:27 (11438 turns).

Kosschaser the Cleaver (DrBe)                      Turns: 11438, Time: 01:23:28

Health: -4/97      AC: 10    Str: 25    XL:     11   Next: 34%
Magic:  11/11      EV: 16    Int:  7    God:    Trog [*****.]
Gold:   1339       SH:  5    Dex: 13    Spells: 0 memorised, 10 levels left

rFire  + . .     SeeInvis .     W - +1 hand axe of the Pariah {chop, rPois Str+2 Dex+2}
rCold  . . .     Gourm    .     (armour unavailable)
rNeg   . . .     Faith    .     r - +0 buckler
rPois  +         Spirit   .     (helmet restricted)
rElec  .         Reflect  .     A - +0 cloak
rCorr  +         Harm     .     X - +0 pair of gloves
MR     +....                    o - +0 pair of boots
Stlth  +++.......               (no amulet)
                                I - ring of protection from magic
                                n - ring of protection from fire

@: exhausted, short of breath, very slightly contaminated, slowed, very slow
A: spit acid, acid resistance, unfitting armour, cold-blooded, AC +7
a: Spit Acid, Berserk, Trog's Hand, Brothers in Arms, Burn Spellbooks, Renounce
Religion


You were on level 2 of the Orcish Mines.
You worshipped Trog.
Trog was extremely pleased with you.
You were near starving.

You visited 2 branches of the dungeon, and saw 11 of its levels.
You also visited: Labyrinth.

You collected 1339 gold pieces.

Inventory:

Hand Weapons
 m - the +9 long sword of the Wheel {chaos, rPois Dex+7}
   (You found it on level 9 of the Dungeon)

   Each time it hits an enemy it has a different, random effect.
   It affects your dexterity (+7).
   It protects you from poison.
 H - the +9 mace "Boyff" {crush, rF++}
   (You found it on level 5 of the Dungeon)

   It inflicts extra damage upon your enemies.
   It greatly protects you from fire.
 N - a +2 hand crossbow of velocity
 W - the +1 hand axe of the Pariah (weapon) {chop, rPois Str+2 Dex+2}
   (You found it in a labyrinth)

   It inflicts extra damage upon your enemies.
   It affects your strength (+2).
   It affects your dexterity (+2).
   It protects you from poison.
Missiles
 f - 360 stones
 y - 2 throwing nets
 L - 3 javelins of penetration
 M - 4 tomahawks of returning (quivered)
Armour
 o - a +0 pair of boots (worn)
 r - a +0 buckler (worn)
 A - a +0 cloak (worn)
 X - a +0 pair of gloves (worn)
Rods
 J - a +7 rod of clouds (12/12)
   (You found it in a labyrinth)
 S - a +5 rod of clouds (11/11)
   (You found it in a labyrinth)
Jewellery
 n - a ring of protection from fire (left hand)
 t - an uncursed ring of wizardry
 u - an uncursed ring of fire
 z - an uncursed ring of protection from cold
 I - a ring of protection from magic (right hand)
Wands
 a - a wand of confusion (19/48)
 k - a wand of lightning (8/15)
 B - a wand of flame (26/48)
 K - a wand of slowing (37/48)
 P - a wand of paralysis (21/24)
Scrolls
 e - 2 scrolls of magic mapping {unknown}
 i - 5 scrolls of teleportation
 j - 2 scrolls of enchant weapon
 p - a scroll of blinking
 q - 3 scrolls of remove curse
 x - 4 scrolls of recharging
 D - a scroll of amnesia {unknown}
 E - 2 scrolls of enchant armour
 R - a scroll of noise {unknown}
Potions
 c - a potion of haste {unknown}
 g - a potion of mutation
 l - a potion of ambrosia
 v - a potion of brilliance {unknown}
 w - 4 potions of lignification {unknown}
 C - 3 potions of cancellation
 O - a potion of invisibility
Miscellaneous
 Y - a lamp of fire (inert)
Comestibles
 b - 7 bread rations
 h - 2 meat rations


   Skills:
 + Level 9.4 Fighting
 + Level 11.9(12.0) Axes
 + Level 3.0(8.3) Maces & Flails
 + Level 2.0 Throwing
 + Level 7.9 Dodging
 + Level 4.2 Stealth
 + Level 4.2 Shields
 + Level 1.0 Evocations


You had 10 spell levels left.
You didn't know any spells.

Dungeon Overview and Level Annotations

Branches:
Dungeon (9/15)             Temple (0/1) D:5             Orc (2/2) D:9
    Elf (0/3) Orc:2
   Lair: D:8-11

Altars:
Hepliaklqana
Okawaru
Qazlal
Ru
Trog
Yredelemnul
The Shining One

Shops:
D:7 *   Orc:1 }


Innate Abilities, Weirdness & Mutations

You can spit globs of acid.
You are resistant to acid.
Your golden yellow scales are hard. (AC +7)
You cannot fit into any form of body armour.
You are cold-blooded and may be slowed by cold attacks.


Message History

Throwing (i - inventory. (,) - cycle):
M - 4 tomahawks of returning (quivered)
Press: ? - help, Shift-Dir - straight line, f/p - orc warrior
Aim: an orc warrior, wielding a scimitar and wearing a plate armour (almost dead, covered in acid)
You throw a tomahawk of returning.
The tomahawk of returning hits the orc warrior!
You kill the orc warrior!
Trog accepts your kill.
The tomahawk of returning returns to your pack!
The orc wizard gestures at you while chanting.
The magic dart hits you!
* * * LOW HITPOINT WARNING * * *
You feel better.
The orc wizard gestures at you while chanting.
The puff of frost hits you!
* * * LOW HITPOINT WARNING * * *
You hit the orc warrior.
The orc warrior is moderately wounded.
You closely miss the orc wizard.
The orc warrior hits you with a dire flail!
You die...

#............................
#............................
##...........................
##...........................
#............................
##............................
#.............................
#>............................
#............@................
#............oo....###########
##...........).....#
#............(.....#
#..................#
#..................#
#..................#
##.................#
#..................#


You could see an orc warrior and an orc wizard.

Vanquished Creatures
  Sonja (Orc:2)
  Psyche (D:9)
  Joseph (D:9)
  Maurice (D:9)
  A troll (Orc:2)
  2 two-headed ogres
  2 hippogriffs
  A wraith (D:9)
  A spriggan (D:7)
  A vampire (D:9)
  A hill giant zombie (D:9)
  A hungry ghost (D:9)
  A warg (Orc:2)
  Edmund (D:5)
  Menkaure (D:4)
  Duvessa (D:4)
  2 phantoms
  6 ice beasts
  7 ogres
  13 orc warriors
  3 centaurs
  Blork the orc (D:4)
  10 bullfrogs
  5 scorpions
  4 troll zombies (D:9)
  Dowan (D:4)
  The ghost of North the Skirmisher, a weakling DsFi (D:3)
  3 killer bees (D:9)
  4 wights (D:8)
  3 howler monkeys (D:8)
  9 crimson imps
  2 bullfrog zombies (D:6)
  2 hounds
  A quasit (D:6)
  10 orc priests
  Crazy Yiuf (D:5)
  17 orc wizards
  4 worker ants
  3 ogre zombies (D:9)
  2 hound zombies
  A hound skeleton (D:4)
  2 worker ant zombies
  11 adders
  3 gnolls (D:4)
  5 shadow imps
  An ooze (D:1)
  An adder zombie (D:8)
  An adder skeleton (D:4)
  2 worms (D:2)
  A dart slug (D:3)
  3 leopard geckos
  49 orcs
  11 bats
  9 giant cockroaches
  7 goblins
  9 hobgoblins
  8 jackals
  5 kobolds
  3 quokkas
  A ball python (D:2)
  4 frilled lizards
  A goblin skeleton (D:9)
  3 goblin zombies (D:9)
  2 hobgoblin zombies (D:9)
  A leopard gecko skeleton (D:8)
  2 leopard gecko zombies
  5 orc skeletons (D:9)
  14 orc zombies (D:9)
  2 quokka skeletons
  5 rats
304 creatures vanquished.

Vanquished Creatures (collateral kills)
  An orc knight (Orc:2)
  An orc warrior (Orc:2)
  2 orc wizards (Orc:2)
4 creatures vanquished.

Vanquished Creatures (others)
  A minotaur (Lab)
1 creature vanquished.

Grand Total: 309 creatures vanquished

Notes
Turn   | Place    | Note
-------+----------+-------------------------------------------
     0 | D:1      | Kosschaser the Draconian Berserker began the quest for the Orb.
     0 | D:1      | Reached XP level 1. HP: 19/19 MP: 1/1
   321 | D:1      | Reached XP level 2. HP: 26/26 MP: 2/2
   813 | D:2      | Reached XP level 3. HP: 32/33 MP: 3/3
   992 | D:2      | Reached ** piety under Trog
  1317 | D:2      | Reached XP level 4. HP: 40/40 MP: 4/4
  1558 | D:3      | Reached skill level 4 in Axes
  1571 | D:3      | Found a basalt altar of Yredelemnul.
  1576 | D:3      | Found a sacrificial altar of Ru.
  1592 | D:3      | Found a glowing golden altar of the Shining One.
  1603 | D:3      | Found an iron altar of Okawaru.
  1848 | D:3      | Noticed North's ghost (weakling DsFi)
  1853 | D:3      | Killed North's ghost
  1853 | D:3      | Reached XP level 5. HP: 47/47 MP: 5/5
  2173 | D:3      | Noticed a centaur
  2178 | D:3      | Found a bloodstained altar of Trog.
  2299 | D:3      | Killed a centaur
  2299 | D:3      | Reached skill level 5 in Axes
  2576 | D:4      | Noticed an ogre
  2696 | D:4      | Reached XP level 6. HP: 52/53 MP: 6/6
  2886 | D:4      | Noticed an ice beast
  2940 | D:4      | Killed an ice beast
  2940 | D:4      | Reached skill level 5 in Fighting
  2940 | D:4      | Reached skill level 1 in Stealth
  3016 | D:4      | Noticed Menkaure
  3030 | D:5      | Entered Level 5 of the Dungeon
  3292 | D:5      | Your scales start taking on a golden yellow colour.
  3292 | D:5      | Reached XP level 7. HP: 56/61 MP: 7/7
  3335 | D:5      | Noticed a two-headed ogre
  3437 | D:4      | Reached skill level 6 in Axes
  3437 | D:4      | Reached skill level 1 in Shields
  3469 | D:4      | Reached *** piety under Trog
  3687 | D:4      | Noticed Blork the orc
  3688 | D:4      | Found a stormy altar of Qazlal.
  3711 | D:4      | Killed Blork the orc
  4160 | D:4      | Killed Menkaure
  4336 | D:4      | Noticed Dowan
  4339 | D:4      | Noticed Duvessa
  4354 | D:4      | Killed Dowan
  4354 | D:4      | Reached XP level 8. HP: 56/70 MP: 8/8
  4358 | D:4      | Killed Duvessa
  4358 | D:4      | Reached skill level 7 in Axes
  4358 | D:4      | Reached skill level 5 in Dodging
  4766 | D:5      | Found a staircase to the Ecumenical Temple.
  4824 | D:5      | Noticed Edmund
  4873 | D:5      | Killed a two-headed ogre
  5032 | D:4      | You fall through a shaft for 2 floors!
  5032 | D:6      | Found a hazy altar of Hepliaklqana.
  5372 | D:6      | Got a transparent war axe
  5373 | D:6      | Identified the +2 war axe "Seto" {flame, rN+ Int+5} (You found it on level 6 of the Dungeon)
  5533 | D:6      | Reached skill level 8 in Axes
  5639 | D:6      | Reached XP level 9. HP: 78/78 MP: 9/9
  5828 | D:7      | Found Zaggics's Assorted Antiques.
  6168 | D:5      | Found a runed door.
  6172 | D:5      | Noticed Crazy Yiuf
  6173 | D:5      | Killed Crazy Yiuf
  6178 | D:5      | Got a polished mace
  6179 | D:5      | Identified the +9 mace "Boyff" {crush, rF++} (You found it on level 5 of the Dungeon)
  6307 | D:5      | Reached **** piety under Trog
  6307 | D:5      | Reached skill level 9 in Axes
  6352 | D:5      | Killed Edmund
  6717 | D:7      | Reached skill level 1 in Throwing
  7396 | D:8      | Reached skill level 10 in Axes
  7414 | D:8      | Reached XP level 10. HP: 82/88 MP: 10/10
  7817 | D:8      | Received a gift from Trog
  8117 | D:9      | Noticed Psyche
  8123 | D:9      | Paralysed by something for 4 turns
  8129 | D:9      | Noticed Maurice
  8294 | D:9      | Killed Psyche
  8390 | D:9      | Killed Maurice
  8390 | D:9      | Reached skill level 11 in Axes
  8435 | D:9      | Found a stormy altar of Qazlal.
  8718 | D:9      | Found a staircase to the Orcish Mines.
  8778 | D:9      | Paralysed by fainting for 6 turns
  8788 | D:9      | Reached ***** piety under Trog
  8788 | D:9      | Paralysed by fainting for 5 turns
  8988 | D:9      | Noticed Joseph
  9001 | D:9      | Killed Joseph
  9260 | D:9      | Got a twisted long sword
  9261 | D:9      | Identified the +9 long sword of the Wheel {chaos, rPois Dex+7} (You found it on level 9 of the Dungeon)
  9419 | Orc:1    | Entered Level 1 of the Orcish Mines
  9468 | Orc:1    | Reached XP level 11. HP: 97/97 MP: 11/11
  9600 | Orc:1    | Found Vucrucij's Gadget Emporium.
  9747 | Orc:2    | Entered Level 2 of the Orcish Mines
  9747 | Orc:2    | Found a labyrinth entrance.
  9760 | Lab      | Entered a labyrinth
  9950 | Lab      | Noticed a minotaur
  9959 | Lab      | Killed a minotaur
 10035 | Lab      | Identified the Incunabulum of Transmigration and Augmentations
 10037 | Lab      | Got a slimy hand axe
 10038 | Lab      | Identified the +1 hand axe of the Pariah {chop, rPois Str+2 Dex+2} (You found it in a labyrinth)
 10091 | Orc:2    | Noticed Sonja
 10101 | Orc:2    | Killed Sonja
 10101 | Orc:2    | Reached skill level 1 in Maces & Flails
 10580 | Orc:2    | Noticed an orc knight
 10925 | Orc:2    | Killed an orc knight
 11354 | Orc:2    | Found a staircase to the Elven Halls.
 11412 | Orc:2    | Reached skill level 1 in Evocations
 11435 | Orc:2    | HP: 2/97 [orc wizard/magic dart (8)]
 11438 | Orc:2    | Slain by an orc warrior

Skill      XL: |  1  2  3  4  5  6  7  8  9 10 11 |
---------------+----------------------------------+-----
Dodging        | 3 4 6 7 |  7.9
Fighting       | 4 5 6 7 9 |  9.4
Axes           | 4 5 6 8 10 11 | 11.9
Stealth        | 1 2 3 4 |  4.2
Shields        | 1 2 3 4 |  4.2
Throwing       | 1 2 |  2.0
Maces & Flails | 3 |  3.0
Evocations     | 1 |  1.0

Action                   |  1- 3 |  4- 6 |  7- 9 | 10-12 || total
-------------------------+-------+-------+-------+-------++-------
Melee: Hand axe          |   104 |   144 |   165 |    25 ||   438
       Tailslap          |     7 |    30 |    44 |    39 ||   120
       War axe           |       |       |   170 |   231 ||   401
       Mace              |       |       |       |    65 ||    65
Throw: Stone             |    14 |     5 |    17 |       ||    36
       Tomahawk          |       |       |       |    16 ||    16
Invok: Berserk           |       |     4 |     2 |     4 ||    10
       Trog's Hand       |       |     3 |     6 |    10 ||    19
       Burn Spellbooks   |       |       |       |     3 ||     3
       Brothers in Arms  |       |       |       |     1 ||     1
 Abil: Spit Acid         |       |       |    20 |    20 ||    40
Evoke: Wand              |       |       |     2 |       ||     2
       Lamp of fire      |       |       |       |     1 ||     1
  Use: Scroll            |       |       |     9 |     8 ||    17
       Potion            |       |       |       |     4 ||     4
 Stab: Sleeping          |       |       |     1 |     3 ||     4
  Eat: Chunk             |     1 |    11 |    17 |    17 ||    46
       Fruit             |       |     1 |     2 |     4 ||     7
       Royal jelly       |       |       |     1 |     1 ||     2
       Pizza             |       |       |       |     1 ||     1
Armor: Skin              |    28 |    47 |   139 |    64 ||   278
Dodge: Dodged            |    81 |    96 |   231 |   204 ||   612
Block: Buckler           |       |    15 |    54 |    63 ||   132
